 Dungeon Crawl Stone Soup version 0.28.0-53-g5a82cb258f (webtiles) character file.

Game seed: 16512243077885491285

2 nickcage the Sneak (level 1, 0/9 HPs)
             Began as a Spriggan Enchanter on June 27, 2022.
             Slain by a bat (1 damage)
             ... on level 1 of the Dungeon.
             The game lasted 00:00:44 (131 turns).

nickcage the Sneak (Spriggan Enchanter)              Turns: 131, Time: 00:00:44

Health: 0/9        AC:  2    Str:  4    XL:     1   Next: 33%
Magic:  5/5        EV: 17    Int: 16    God:
Gold:   12         SH:  0    Dex: 15    Spells: 5/5 levels left

rFire   . . .      SeeInvis +   a - +1 dagger
rCold   . . .      Faith    .   (no shield)
rNeg    . . .      Spirit   .   b - +0 robe
rPois   .          Reflect  .   (helmet restricted)
rElec   .          Harm     .   (no cloak)
rCorr   .          Rampage  .   (gloves unavailable)
Will    .....                   (boots unavailable)
Stlth   +++.......              (no amulet)
HPRegen 0.03/turn               (no ring)
MPRegen 0.09/turn               (no ring)

@: very quick
A: very small, no large weapons, unfitting armour, see invisible, speed 3
a: no special abilities


You were on level 1 of the Dungeon.
You visited 1 branch of the dungeon, and saw 1 of its levels.

You collected 12 gold pieces.

Inventory:

Hand Weapons
 a - a +1 dagger (weapon)
Armour
 b - a +0 robe (worn)
Scrolls
 d - a scroll of teleportation {unknown}
Potions
 c - a potion of invisibility


   Skills:
 - Level 1.1 Short Blades
 - Level 2.6 Dodging
 - Level 4.4 Stealth
 - Level 2.6 Spellcasting
 + Level 3.9 Hexes


You had 5 spell levels left.
You didn't know any spells.
Your spell library contained the following spells:

 Spells                   Type           Power      Damage    Failure   Level
 Confusing Touch          Hex            14%        N/A       12%         3
 Tukima's Dance           Hex            14%        N/A       12%         3
 Ensorcelled Hibernation  Hex/Ice        16%        N/A       13%         2
 Dazzling Flash           Conj/Hex       16%        N/A       26%         3


Dungeon Overview and Level Annotations

Branches:
Dungeon (1/15)

Altars:

Shops:
D:1 *


Innate Abilities, Weirdness & Mutations

You are very small and have problems with some larger weapons.
You are too small for most types of armour.
You have supernaturally acute eyesight. (SInv)
You cover ground extremely quickly. (Speed+++)


Message History

You open the door.
There is an open door here.
d - a scroll labelled NOW DOHUACISI You open the door.
A kobold, a dart slug and a bat come into view.
There is an open door here.
The kobold shouts!
You hear a shout!
The bat misses you.
A kobold comes into view. It is wielding a +0 club.
You barely miss the bat. You punch the bat, but do no damage.
The bat closely misses you. x2
The bat closely misses you.
There is an open door here.
The kobold throws a stone.
The stone closely misses you. The dart slug launches a dart at you.
The slug dart hits you.
Ouch! That really hurt!
The bat closely misses you. The bat misses you.
The bat hits you but does no damage.
There is an open door here.
The bat completely misses you.
There is a stone staircase leading down here.
There is an entrance to Zoilymo's General Store here.
The bat barely misses you. The bat hits you but does no damage.
There is an open door here.
The bat hits you.
* * * LOW HITPOINT WARNING * * *
The dart slug launches a dart at you. The slug dart misses you.
The bat hits you but does no damage.
You hit the bat but do no damage. The bat misses you.
The bat barely misses you. The bat hits you.
* * * LOW HITPOINT WARNING * * *
The bat closely misses you.
You miss the bat. The bat closely misses you.
You closely miss the bat. The bat barely misses you. The bat hits you.
You die...

#.#.# #.#.# #####.#∩### #########
#.....≈.'.# #######.......#
#...##≈.'.# ..............#
#...###>### ##### ..............#
#...# #.# #....
..............###...###w#####....
..............'b@.....#'#..wK....
..............###....##.w.###....
.....................###### #....
.......##'#+##..†.......# #....
...######.#.##..........######...
...#.......................# ...
#.##.#.........##+##+###.#.# ...
#. #................##+#'## ...
.. #..........####..#.....#


You could see a bat.

Vanquished Creatures
  A hobgoblin (D:1)
  2 ball pythons (D:1)
3 creatures vanquished.

Notes
Turn   | Place    | Note
-------+----------+-------------------------------------------
     0 | D:1      | nickcage the Spriggan Enchanter began the quest for the
                  | Orb.
     0 | D:1      | Reached XP level 1. HP: 9/9 MP: 5/5
    66 | D:1      | Found Zoilymo's General Store.
   131 | D:1      | Slain by a bat

Illustrated notes

Levels and vault maps discovered:
D:1:      minmay_arrival_solitary_statue, layout_basic, serial_shops,
          nicolae_shop_hallway_stairs, hellmonk_ecumenical_altar_prayer_group,
          hangedman_decor_push, minmay_hexomino_f4

Action                   || total
-------------------------++-------
Melee: Dagger            ||    13
       Punch             ||     1
Armor: Robe              ||     4
Dodge: Dodged            ||    25
